 Dungeon Crawl Stone Soup version 0.16.0-17-g811c1d7 (webtiles) character file.

71 maniek23 the Sneak (level 4, -10/30 HPs)
             Began as a Vampire Enchanter on Mar 22, 2015.
             Mangled by an iguana (12 damage)
             ... on level 3 of the Dungeon.
             The game lasted 00:07:24 (2040 turns).

maniek23 the Sneak (Vampire Enchanter)              Turns: 2040, Time: 00:07:25

Health: -10/30     AC:  3    Str:  8    XL:     4   Next: 5%
Magic:  0/7        EV: 13    Int: 17    God:
Gold:   116        SH:  0    Dex: 17    Spells: 3 memorised, 1 level left

rFire  . . .     SeeInvis +     a - +1 dagger
rCold  + . .     Clarity  .     b - +1 robe
rNeg   + + .     SustAb   .     (no shield)
rPois  +         Gourm    .     (no helmet)
rElec  .         Spirit   .     (no cloak)
rCorr  +         Warding  .     (no gloves)
rMut   .         Stasis   .     (no boots)
MR     .....                    o - amulet of resist corrosion
Stlth  ++++......               (no ring)
                                e - +3 ring of dexterity

@: very slightly contaminated, regenerating slowly, not resistant to hostile
enchantments, stealthy
A: bottle blood, fangs 3, see invisible, unbreathing
a: Bat Form


You were on level 3 of the Dungeon.
You were thirsty.

You visited 1 branch of the dungeon, and saw 3 of its levels.

You collected 116 gold pieces.

Inventory:

Hand weapons
 a - a +1 dagger (weapon)
Armour
 b - a +1 robe (worn)
Jewellery
 e - a +3 ring of dexterity (left hand)
 i - an uncursed amulet of the gourmand
 o - an amulet of resist corrosion (around neck)
 p - a cursed ring of loudness {unknown}
Scrolls
 f - 2 scrolls of fog {unknown}
 g - 4 scrolls of identify {unknown}
 j - a scroll of enchant armour {unknown}
 l - a scroll of teleportation {unknown}
 m - a scroll of enchant weapon {unknown}
 n - a scroll of remove curse {unknown}
 q - 2 scrolls of random uselessness {unknown}
Potions
 d - 7 potions of blood
 h - a potion of haste {unknown}
 k - a potion of curing {unknown}
 r - a potion of brilliance {unknown}
Books
 c - a book of Maledictions

   Spells                             Type                      Level
   a - Corona                         Hexes                        1
   b - Sure Blade                     Hexes/Charms                 2
   c - Ensorcelled Hibernation        Hexes/Ice                    2
   d - Confuse                        Hexes                        3
   e - Dazzling Spray                 Conjuration/Hexes            3
   f - Enslavement                    Hexes                        4


   Skills:
 + Level 1.3 Short Blades
 + Level 3.0 Dodging
 + Level 5.8 Stealth
 + Level 2.2 Spellcasting
 + Level 5.1 Hexes


You had one spell level left.
You knew the following spells:

 Your Spells              Type           Power        Failure   Level  Hunger
a - Corona                Hex            ###....      2%          1    #......
b - Ensorcelled Hibernat  Hex/Ice        ##....       12%         2    ###....
c - Confuse               Hex            ###.....     10%         3    ###....


Dungeon Overview and Level Annotations

Branches:
Dungeon (3/15)

Altars:
Ashenzari
Dithmenos
Gozag
Okawaru
Qazlal
Ru
Zin


Innate Abilities, Weirdness & Mutations

You heal slowly.
You can bottle blood from corpses.
You have razor-sharp teeth.
You have supernaturally acute eyesight.
You can survive without breathing.


Message History

The iguana is heavily wounded.
The iguana closely misses you.
You hit the iguana but do no damage.
The iguana is heavily wounded.
The iguana closely misses you.
You hit the iguana but do no damage.
The iguana is heavily wounded.
The iguana misses you.
You hit the iguana.
The iguana is almost dead.
The iguana bites you.
* * * LOW HITPOINT WARNING * * *
You hit the iguana but do no damage.
The iguana is almost dead.
The iguana bites you.
* * * LOW HITPOINT WARNING * * *
You hit the iguana but do no damage.
The iguana is almost dead.
The iguana bites you!
You die...

###....###.########
..............>...###
.......##..#...<....#
#....##..#........#
+...÷).....#......#
#...###...........#
...... #...#.......###
.###.. #...###.......#
#..###...#...@...#.#
#.)...)......#l#.#.#
.####.###.###.###.#.#.#
.......<....#.# #....†#
#####.#.......#
###......# .. ###.#.###
#####.## ## #.#.# #
#.#.. #.# ##


You could see an iguana.

Vanquished Creatures
  An adder (D:3)
  2 worms (D:2)
  A giant gecko (D:2)
  An ooze (D:1)
  3 orcs (D:3)
  3 bats
  7 goblins
  3 hobgoblins (D:1)
  5 giant cockroaches
  3 giant newts
  7 jackals
  4 kobolds
  4 rats (D:1)
44 creatures vanquished.

Notes
Turn   | Place    | Note
--------------------------------------------------------------
     0 | D:1      | maniek23, the Vampire Enchanter, began the quest for the Orb.
     0 | D:1      | Reached XP level 1. HP: 13/13 MP: 3/3
    53 | D:1      | You fall through a shaft!
   306 | D:1      | Reached XP level 2. HP: 19/19 MP: 4/4
   469 | D:1      | Reached skill level 5 in Stealth
   697 | D:1      | You fall through a shaft!
   714 | D:2      | Found a stormy altar of Qazlal.
   716 | D:2      | Found a sacrificial altar of Ru.
   717 | D:2      | Found a glowing silver altar of Zin.
   717 | D:2      | Found a shattered altar of Ashenzari.
   723 | D:2      | Found an opulent altar of Gozag.
   723 | D:2      | Found an iron altar of Okawaru.
   762 | D:2      | Reached XP level 3. HP: 13/24 MP: 6/6
  1182 | D:2      | Learned a level 2 spell: Ensorcelled Hibernation
  1186 | D:2      | Learned a level 3 spell: Confuse
  1254 | D:2      | Found a shadowy altar of Dithmenos.
  1256 | D:2      | Reached skill level 5 in Hexes
  2021 | D:3      | Reached XP level 4. HP: 23/30 MP: 7/7
  2040 | D:3      | Mangled by an iguana

Action                   |  1- 3 |  4- 6 || total
-------------------------+-------+-------++-------
Melee: Dagger            |    89 |    10 ||    99
 Cast: Ensorcelled Hiber |     4 |     3 ||     7
       Corona            |     1 |       ||     1
 Abil: End Transformatio |     1 |       ||     1
       Bat Form          |     1 |       ||     1
  Use: Potion            |     1 |       ||     1
 Stab: Sleeping          |    12 |       ||    12
